AoeStats
← HalfHazzard

Arabia

510875915Analyzed
1v1 RM · 16h ago on Oct 2, 2026· 50m 11s· 2 players
Game mode
Random Map
Map size
Tiny (2 player)
Population
200
Speed
Normal
Resources
Standard
Victory
Conquest
Starting age
Dark Age
Ending age
Imperial Age
RankedLock teamsTeams togetherTeam positionsShared explorationLock speedFull tech treeHidden civsTurbo modeCheats
Victory
Defeat
🇺🇸 Magyars · United States
837
+15
🇦🇷 Khmer · Argentina
823
-15
elterco_69
2:45 Loom
10:32 Feudal Age
11:10 Double-Bit Axe
13:34 Horse Collar
18:11 Gold Mining
18:11 Stone Mining
22:01 Castle Age
23:09 Heavy Plow
23:21 Bow Saw
25:06 Light Cavalry
26:26 Forging
26:22 Scale Barding Armor
26:39 Bloodlines
31:20 Iron Casting
31:05 Chain Barding Armor
31:08 Ballistics
32:06 Wheelbarrow
34:00 Careening
33:48 Murder Holes
34:52 Hand Cart
38:40 Imperial Age
37:15 Gold Shaft Mining
39:15 Chain Barding Armor
40:02 Crop Rotation
40:31 Stone Shaft Mining
41:45 Blast Furnace
41:21 Plate Barding Armor
42:25 Hoardings
42:39 Hussar
49:17 Masonry
HalfHazzard
8:10 Loom
10:39 Feudal Age
11:22 Double-Bit Axe
11:18 Horse Collar
20:50 Castle Age
19:46 Fletching
20:29 Gold Mining
21:02 Bloodlines
23:05 Bodkin Arrow
24:07 Gold Shaft Mining
23:51 Scale Barding Armor
27:33 Padded Archer Armor
27:54 Chain Barding Armor
28:42 Bow Saw
28:30 Light Cavalry
32:44 Stone Mining
36:53 Ballistics
36:57 Leather Archer Armor
40:23 Imperial Age
40:23 Corvinian Army
41:30 Wheelbarrow
40:41 Town Watch
42:03 Bracer
42:34 Ring Archer Armor
42:40 Plate Barding Armor
43:32 Husbandry
44:30 Parthian Tactics
44:32 Elite Magyar Huszar
48:14 Recurve Bow
48:24 Thumb Ring
49:02 Hand Cart
50:00 Hussar
Connection lost

Rejoining the realm…

Still unreachable

The connection could not be restored.

Session expired

The server has moved on; the page needs a fresh start.